 Dungeon Crawl Stone Soup version 0.31-a0-1242-g57893ffec4 (webtiles) character file.

Game seed: 15702611897558122859

316 James the Ruffian (level 6, -2/55 HPs)
             Began as a Troll Gladiator on Dec 16, 2023.
             Slain by an ogre
             ... wielding a +0 giant club
              (21 damage)
             ... on level 4 of the Dungeon.
             The game lasted 00:06:34 (2663 turns).

James the Ruffian (Troll Gladiator)                 Turns: 2663, Time: 00:06:35

Health: -2/55      AC:  5    Str: 25    XL:     6   Next: 20%
Magic:  5/5        EV: 10    Int: 10    God:
Gold:   191        SH:  0    Dex: 11    Spells: 5/5 levels left

rFire   . .          .
                       - Unarmed
rCold   . . .        (no shield)
rNeg    . . .        a - +0 robe
rPois   .            b - +0 hat
rElec   .            M - +0 cloak
rCorr   .            (gloves unavailable)
SInv    .            (boots unavailable)
Will    .....        (no amulet)
Stlth   +            m - +6 ring of intelligence
HPRegen 1.09/turn    (no ring)
MPRegen 0.09/turn

%: no passive effects
@: no status effects
A: large, unfitting armour, claws 3, regeneration 1, shaggy fur 1, tough skin 1
a: no special abilities


You were on level 4 of the Dungeon.
You visited 1 branch of the dungeon, and saw 4 of its levels.

You collected 191 gold pieces.

Inventory:

Hand Weapons
 e - a +0 arbalest
   (You found it on level 1 of the Dungeon)
 q - a +0 sling
   (You found it on level 1 of the Dungeon)
 z - a +2 dagger of venom
   (You took it off a goblin on level 2 of the Dungeon)
 F - a +0 halberd
   (You took it off a gnoll on level 3 of the Dungeon)
 J - the +3 hammer of Bodily Harmony {drain, *Slow rC- rN+++ rCorr}
   (You found it on level 3 of the Dungeon)

   rC-:       It makes you vulnerable to cold.
   rN+++:     It renders you almost immune to negative energy.
   rCorr:     It protects you from acid and corrosion.
   *Slow:     It may slow you when you take damage.
 K - the +0 hammer "Ixuul" {flame, ^Contam rElec rC+}
   (You found it on level 3 of the Dungeon)

   rC+:       It protects you from cold.
   rElec:     It insulates you from electricity.
   ^Contam:   It causes magical contamination when unequipped.
 L - the +7 hammer "Ogre's Bane" {flame, Str+3}
   (You found it on level 3 of the Dungeon)

   Str+3:     It affects your strength (+3).
 N - a +2 quarterstaff of chaos
   (You took it off Crazy Yiuf on level 3 of the Dungeon)
Missiles
 c - 3 throwing nets (quivered) {!f}
 d - a large rock
 h - 8 poisoned darts
 l - 39 stones
 x - 4 boomerangs
Armour
 a - a +0 robe (worn)
 b - a +0 hat (worn)
 g - a +0 robe
   (You found it on level 1 of the Dungeon)
 p - a +0 robe
   (You found it on level 1 of the Dungeon)
 A - a +0 robe
   (You found it on level 2 of the Dungeon)
 B - an orb of guile
   (You found it on level 2 of the Dungeon)
 C - a +0 tower shield
   (You found it on level 2 of the Dungeon)
 M - a +0 cloak (worn)
   (You took it off Crazy Yiuf on level 3 of the Dungeon)
 Q - a +0 robe
   (You took it off an orc wizard on level 4 of the Dungeon)
Magical Staves
 f - a staff of air
   (You found it on level 1 of the Dungeon)
Jewellery
 m - a +6 ring of intelligence (left claw)
   (You found it on level 1 of the Dungeon)
Talismans
 P - a maw talisman
   (You found it on level 4 of the Dungeon)
Wands
 G - a wand of light (5)
   (You found it on level 3 of the Dungeon)
 H - a wand of mindburst (14)
   (You took it off Ijyb on level 3 of the Dungeon)
 I - a wand of charming (6)
   (You found it on level 3 of the Dungeon)
Scrolls
 i - 2 scrolls of teleportation {unknown}
 k - a scroll of fog {unknown}
 n - a scroll of poison {unknown}
 s - a scroll of immolation {unknown}
 v - 6 scrolls of identify {unknown}
 y - a scroll of revelation {unknown}
 D - a scroll of enchant armour {unknown}
 O - a scroll of torment {unknown}
Potions
 j - a potion of lignification {unknown}
 o - a potion of berserk rage {unknown}
 r - a potion of might {unknown}
 t - a potion of heal wounds {unknown}
 u - a potion of haste {unknown}
 w - 2 potions of magic {unknown}
 E - a potion of curing {unknown}


   Skills:
 - Level 1.5 Fighting
 - Level 1.7 Throwing
 - Level 2.4 Dodging
 + Level 7.0 Unarmed Combat


You had 5 spell levels left.
You didn't know any spells.
Your spell library was empty.

Dungeon Overview and Level Annotations

Branches:
Dungeon (4/15)
 Temple: D:4-7

Altars:
The Shining One


Innate Abilities, Weirdness & Mutations

You are too large for most types of armour.
You have claws for hands.
Your natural rate of healing is unusually fast.
You are covered in fur. (AC +1)
You have tough skin. (AC +1)


Message History

Something hits the plant.
The plant begins to die.
No target in view!
No target in view!
No target in view!
An orc comes into view. It is wielding a +0 hand axe.
The orc moves out of view.
Q - a +0 robe
Things that are here:
a +2 dagger of electrocution; a +0 trident; a +0 chain mail An orc comes into view.
It is wielding a +0 short sword.
A hobgoblin comes into view.
There are monsters nearby!
You claw the orc! The orc hits you with a +0 short sword.
You claw the orc!
You kill the orc!
No target in view!
No target in view!
No target in view!
A hobgoblin is nearby!
The hobgoblin shouts!
You hear a shout! x2
The hobgoblin barely misses you.
You claw the hobgoblin!
You kill the hobgoblin!
You see here a hobgoblin corpse.
The orc hits you with a +0 hand axe. The orc hits you with a +0 hand axe.
You scratch the orc. The orc hits you with a +0 hand axe.
You closely miss the orc. The orc barely misses you.
You claw the orc!
You kill the orc!
You see here a +0 hand axe.
An orc priest comes into view. It is wielding a +0 flail.
An ogre and an orc wizard come into view.
The orc wizard is wielding a +1 dagger of holy wrath.
The ogre shouts!
A goblin comes into view. It is wielding a +0 club.
The orc priest calls down the wrath of Beogh upon you.
Beogh smites you!
The goblin shouts!
You claw the orc priest! Your claw misses the orc priest.
The orc priest hits you with a +0 flail.
The ogre hits you with a +0 giant club!!
* * * LOW HITPOINT WARNING * * *
You claw the orc priest!
You kill the orc priest!
The orc wizard barely misses you.
Your Unarmed Combat skill increases to level 7!
You claw the ogre!
The ogre hits you with a +0 giant club!!
You die...

.........♣.♣P....♣.♣.♣♣#....
...?....♣..♣.8).♣P..♣.#....
#.....)♣.♣.P...♣.♣♣.♣.....
#.....♣.P♣♣P♣.♣.♣♣P..†....
#....P♣)†♣..♣P.P.♣♣.......
#....P...†.P.♣♣...........
#...)...P♣......P♣.P......
#.....♣♣P.)...P♣P♣P.♣.....
######♣§♣@♣♣.♣♣.♣♣P♣♣#####
..♣♣Oo...♣♣♣♣♣♣
...§§§§.♣♣.g... ...♣♣....
♣♣... .. ♣..... ♣....
♣♣♣♣♣.. ♣♣♣. ... ♣.♣. ....


You could see an ogre, an orc wizard and a goblin.

Vanquished Creatures
  An orc priest (D:4)
  Crazy Yiuf (D:3)
  Ijyb (D:3)
  An orc wizard (D:4)
  6 gnolls
  6 adders
  A shadow imp (D:4)
  3 worms
  4 orcs (D:4)
  3 bats
  3 endoplasms
  2 giant cockroaches
  6 goblins
  10 hobgoblins
  7 jackals
  8 quokkas
  4 ball pythons
  4 frilled lizards
  5 kobolds
  5 rats
81 creatures vanquished.

Notes
Turn   | Place    | Note
-------+----------+-------------------------------------------
     0 | D:1      | James the Troll Gladiator began the quest for the Orb.
     0 | D:1      | Reached XP level 1. HP: 19/19 MP: 0/0
   225 | D:1      | Reached XP level 2. HP: 22/27 MP: 1/1
   359 | D:1      | Reached skill level 4 in Unarmed Combat
   775 | D:2      | Reached XP level 3. HP: 33/33 MP: 2/2
  1319 | D:2      | Found a faded altar of an unknown god.
  1681 | D:3      | Reached skill level 5 in Unarmed Combat
  1681 | D:3      | Reached XP level 4. HP: 41/41 MP: 3/3
  1791 | D:3      | Noticed Ijyb
  1801 | D:3      | Killed Ijyb
  1850 | D:3      | Reached XP level 5. HP: 48/48 MP: 4/4
  2187 | D:3      | Identified the +3 hammer of Bodily Harmony {drain, *Slow
                  | rC- rN+++ rCorr}
  2190 | D:3      | Found a runed translucent door.
  2191 | D:3      | Identified the +0 hammer "Ixuul" {flame, ^Contam rElec rC+}
  2191 | D:3      | Noticed Crazy Yiuf
  2193 | D:3      | Identified the +7 hammer "Ogre's Bane" {flame, Str+3}
  2205 | D:3      | Killed Crazy Yiuf
  2206 | D:3      | Reached skill level 6 in Unarmed Combat
  2291 | D:3      | Found a glowing golden altar of the Shining One.
  2634 | D:4      | Reached XP level 6. HP: 51/55 MP: 5/5
  2663 | D:4      | Reached skill level 7 in Unarmed Combat
  2663 | D:4      | Slain by an ogre

Illustrated notes

Levels and vault maps discovered:
D:1:      nicolae_arrival_somewhat_less_tricky_arrival, layout_rooms,
          chequers_serial_rivers_micro_b
D:2:      layout_basic, ebering_ecumenical_altar_hall
D:3:      layout_basic, nicolae_tso_carved_into_rock, hangedman_decor_points,
          uniq_ijyb, uniq_crazy_yiuf_cottage
D:4:      wad_woods_tower, layout_gridville, kennysheep_small_square

Skill      XL: |  1  2  3  4  5  6 |
---------------+-------------------+-----
Unarmed Combat | 4 5 6 7 |  7.0
Fighting       | |  1.5
Throwing       | |  1.7
Dodging        | |  2.4

Action                     |  1- 3 |  4- 6 || total
---------------------------+-------+-------++-------
  Melee: Unarmed           |   118 |    94 ||   212
         Punch             |     1 |     1 ||     2
   Stab: Sleeping          |     2 |       ||     2
 Armour: Robe              |    78 |    48 ||   126
  Dodge: Dodged            |    57 |    36 ||    93

Table legend: (Time is in decaauts)
 A = Elapsed time spent in this place.
 B = Non-inter-level travel time spent in this place.
 C = Inter-level travel time spent in this place.
 D = Time resting spent in this place.
 E = Time spent auto-exploring this place.
 F = Levels seen in this place.
 G = Mean time per level.
                   A        B        C        D        E       F      G
               +--------+--------+--------+--------+--------+-----+--------+
         Total |   2641 |   2461 |    180 |     35 |   1801 |   4 |  660.2 |
       Dungeon |   2641 |   2461 |    180 |     35 |   1801 |   4 |  660.2 |
               +--------+--------+--------+--------+--------+-----+--------+

Top non-repeatable levels by time:
     D:2: 974 daAuts
     D:3: 759 daAuts
     D:1: 675 daAuts
     D:4: 232 daAuts
